 Dungeon Crawl Stone Soup version 0.23.2-1-ga50397a6bc (webtiles) character file.

Game seed: 3311009294041739816

91 Mrkan the Shooter (level 4, 0/38 HPs)
             Began as a Centaur Hunter on May 18, 2019.
             Slain by an orc
             ... wielding a +0 dagger
              (4 damage)
             ... on level 3 of the Dungeon.
             The game lasted 00:06:30 (1949 turns).

Mrkan the Shooter (Centaur Hunter)                  Turns: 1949, Time: 00:06:32

Health: 0/38       AC:  4    Str: 16    XL:     4   Next: 34%
Magic:  4/4        EV:  9    Int: 10    God:
Gold:   103        SH:  0    Dex:  9    Spells: 3/3 levels left

rFire    . . .     SeeInvis .   b - +0 short sword
rCold    . . .     Gourm    .   (no shield)
rNeg     . . .     Faith    .   c - +0 leather armour
rPois    .         Spirit   .   (no helmet)
rElec    .         Reflect  .   (no cloak)
rCorr    .         Harm     .   (no gloves)
MR       .....                  (no barding)
Stlth    +.........             (no amulet)
HPRegen  0.12/turn              (no ring)
MPRegen  0.09/turn              (no ring)

@: very quick
A: large, hooves 3, deformed body, speed 2, tough skin 3
a: no special abilities


You were on level 3 of the Dungeon.
You were not hungry.

You visited 1 branch of the dungeon, and saw 3 of its levels.

You collected 103 gold pieces.

Inventory:

Hand Weapons
 a - a +1 shortbow
 b - a +0 short sword (weapon)
Missiles
 d - 48 arrows
Armour
 c - a +0 leather armour (worn)
Jewellery
 h - a +3 ring of strength {unknown}
 l - an uncursed ring of resist corrosion {unknown}
Scrolls
 e - a scroll of teleportation {unknown}
 i - a scroll of magic mapping {unknown}
 k - a scroll of enchant armour {unknown}
 o - a scroll of identify {unknown}
 p - a scroll of fear {unknown}
 r - 2 scrolls of remove curse {unknown}
 u - a scroll of fog {unknown}
Potions
 g - a potion of degeneration {unknown}
 j - a potion of agility {unknown}
 m - a potion of curing {unknown}
 n - a potion of mutation {unknown}
 q - a potion of flight {unknown}
 s - a potion of lignification {unknown}
 t - 2 potions of magic {unknown}
 v - a potion of ambrosia {unknown}
Comestibles
 f - 10 rations


   Skills:
 + Level 3.0 Fighting
 * Level 7.1 Bows
 - Level 1.3 Dodging
 - Level 0.4 Stealth


You had 3 spell levels left.
You didn't know any spells.
Your spell library was empty.

Dungeon Overview and Level Annotations

Branches:
Dungeon (3/15)

Altars:


Innate Abilities, Weirdness & Mutations

You have hooves in place of feet.
Armour fits poorly on your strangely shaped body.
You cover ground very quickly.
You have extremely tough skin. (AC +3)


Message History

The orc hits you with a +2 hand axe of flaming.
The orc burns you.
* * * LOW HITPOINT WARNING * * *
The goblin hits you but does no damage.
You hit something but do no damage. Your kick misses something.
The orc hits you but does no damage. Something hits you but does no damage.
The orc barely misses you. The goblin hits you but does no damage.
You hit something but do no damage. You kick something.
The orc hits you with a +0 dagger.
* * * LOW HITPOINT WARNING * * *
Something hits you.
* * * LOW HITPOINT WARNING * * *
The orc hits you with a +2 hand axe of flaming.
* * * LOW HITPOINT WARNING * * *
The orc burns you.
* * * LOW HITPOINT WARNING * * *
The goblin hits you with a cursed -2 club.
* * * LOW HITPOINT WARNING * * *
The orc hits you with a +0 dagger.
You die...

........####.......####
#####..........(...#
######.#####.......#
#................###
.....)...........#
#....#..####.##.## .
#....#..# #.##.## .
#.###...# #.#.go####...
. #.#
#...####.#.o@[gg((.( .
#.###.#....#.#.o.####..(
#....#####.#.#####
#...#####....#
#............#
##..#####...## #..#
##.## ##..# #.# ....#
#.#


You could see 3 orcs and 3 goblins.

Vanquished Creatures
  4 adders
  2 worms (D:2)
  3 dart slugs
  4 orcs
  3 bats
  3 giant cockroaches (D:2)
  5 goblins
  2 hobgoblins
  2 jackals (D:1)
  2 ball pythons
  3 frilled lizards (D:2)
  8 rats
41 creatures vanquished.

Notes
Turn   | Place    | Note
-------+----------+-------------------------------------------
     0 | D:1      | Mrkan the Centaur Hunter began the quest for the Orb.
     0 | D:1      | Reached XP level 1. HP: 17/17 MP: 1/1
   120 | D:1      | Reached XP level 2. HP: 19/24 MP: 2/2
   211 | D:1      | Reached skill level 6 in Bows
   700 | D:2      | Reached XP level 3. HP: 22/30 MP: 3/3
  1526 | D:3      | Reached XP level 4. HP: 19/37 MP: 4/4
  1939 | D:3      | Reached skill level 7 in Bows
  1949 | D:3      | Slain by an orc

Skill      XL: |  1  2  3  4 |
---------------+-------------+-----
Bows           | 6 7 |  7.1
Fighting       | 3 |  3.0
Dodging        | |  1.3
Stealth        | |  0.4

Action                   |  1- 3 |  4- 6 || total
-------------------------+-------+-------++-------
Melee: Short sword       |    88 |     9 ||    97
       Kick              |    16 |     3 ||    19
       Shortbow          |       |     3 ||     3
 Fire: Shortbow          |    47 |    19 ||    66
  Eat: Ration            |       |     1 ||     1
Armor: Leather armour    |    43 |     5 ||    48
Dodge: Dodged            |    46 |    15 ||    61
